 Dungeon Crawl Stone Soup version 0.31-a0-818-ge7c7cf74f0 (webtiles) character file.

Game seed: 1327863371542764573

132161 dondy the Eclecticist (level 16, 127/127 HPs)
             Began as a Purple Draconian Ice Elementalist on Sept 22, 2023.
             Was the Champion of Dithmenos.
             Quit the game on level 1 of the Lair of Beasts on Nov 24, 2023.
             The game lasted 02:30:05 (33902 turns).

dondy the Eclecticist (DrIE)                       Turns: 33902, Time: 02:30:06

Health: 127/127    AC: 14    Str: 11    XL:     16   Next: 56%
Magic:  38/38      EV: 23    Int: 23    God:    Dithmenos [******]
Gold:   2667       SH:  6    Dex: 12    Spells: 8/51 levels left

rFire   + + .        s - +9 short sword "Amie" {protect, Fragile rF++ rC+++ SInv}
rCold   + + +        i - +1 buckler {rC+}
rNeg    . . .        (body armour unavailable)
rPois   .            S - +1 hat
rElec   .            L - +1 cloak
rCorr   .            K - +0 pair of gloves
SInv    +            u - +0 pair of boots
Will    ++...        e - amulet of magic regeneration
Stlth   +++          X - +5 ring of evasion
HPRegen 0.41/turn    I - +5 ring of evasion
MPRegen 0.66/turn

%: no passive effects
@: wreathed by umbra
A: breathe power, AC +9, unfitting armour, cold-blooded
a: Breathe Dispelling Energy, Renounce Religion, Shadow Step, Shadow Form


You were on level 1 of the Lair of Beasts.
You worshipped Dithmenos.
Dithmenos was exalted by your worship.
You visited 3 branches of the dungeon, and saw 22 of its levels.
You also visited: Sewer, Bailey, Ice Cave and Volcano.

You collected 3014 gold pieces.
You spent 347 gold pieces at shops.

Inventory:

Hand Weapons
 s - the +9 short sword "Amie" (weapon) {protect, Fragile rF++ rC+++ SInv}
   (You found it on level 3 of the Dungeon)

   rF++:      It greatly protects you from fire.
   rC+++:     It renders you almost immune to cold.
   SInv:      It lets you see invisible.
   Fragile:   It will be destroyed if unequipped.
Armour
 i - a +1 buckler of cold resistance (worn)
 u - a +0 pair of boots (worn)
 K - a +0 pair of gloves (worn)
 L - a +1 cloak (worn)
 S - a +1 hat (worn)
Jewellery
 c - the ring of Lotuheb {rN+ Will+ Str-3 Int+2 Stlth+}
   (You found it on level 15 of the Dungeon)

   [ring of positive energy]

   Str-3:     It affects your strength (-3).
   Int+2:     It affects your intelligence (+2).
   rN+:       It protects you from negative energy.
   Will+:     It increases your willpower.
   Stlth+:    It makes you more stealthy.
 e - an amulet of magic regeneration (around neck)
 l - a ring of resist corrosion
 I - a +5 ring of evasion (right hand)
 Q - a ring of poison resistance
 R - the ring "Koyfisuf" {Fly MP+9 Stlth+}
   (You found it in an ice cave)

   [ring of flight]

   MP+9:      It affects your magic capacity (+9).
   Fly:       It grants you flight.
   Stlth+:    It makes you more stealthy.
 X - a +5 ring of evasion (left hand)
 Z - a ring of ice
Wands
 k - a wand of acid (5)
 C - a wand of digging (1)
 T - a wand of flame (34)
 V - a wand of paralysis (15)
 W - a wand of iceblast (19)
Scrolls
 b - 6 scrolls of fog
 g - 6 scrolls of blinking
 p - 10 scrolls of teleportation
 r - a scroll of silence
 z - 2 scrolls of immolation
 D - a scroll of summoning
 N - a scroll of brand weapon {unknown}
 O - 2 scrolls of revelation
 P - 4 scrolls of fear
 Y - a scroll of poison
Potions
 a - 2 potions of enlightenment
 d - a potion of invisibility
 f - a potion of resistance
 h - 8 potions of curing
 j - a potion of magic
 m - a potion of cancellation
 q - 4 potions of ambrosia
 t - a potion of brilliance
 w - 2 potions of berserk rage
 B - 2 potions of might
 G - 5 potions of heal wounds
 M - 5 potions of haste
Miscellaneous
 y - a phial of floods


   Skills:
 + Level 7.9 Fighting
 - Level 10.0 Short Blades
 - Level 6.0 Dodging
 - Level 2.0 Stealth
 - Level 6.0 Shields
 - Level 18.0 Spellcasting
 - Level 3.0 Conjurations
 - Level 4.0 Summonings
 - Level 14.0 Necromancy
 - Level 4.0 Transmutations
 - Level 14.0 Ice Magic
 - Level 5.0 Earth Magic


You had 8 spell levels left.
You knew the following spells:

 Your Spells              Type           Power      Damage    Failure   Level
a - Freeze                Ice            100%       1d10      0%          1
b - Frozen Ramparts       Ice            100%       1d16      1%          3
c - Ozocubu's Armour      Ice            71%        N/A       1%          3
d - Summon Ice Beast      Ice/Summ       58%        N/A       1%          4
e - Hailstorm             Conj/Ice       56%        3d12      1%          3
f - Borgnjor's Vile Clut  Necr/Erth      29%        N/A       1%          5
g - Simulacrum            Ice/Necr       35%        N/A       1%          6
h - Death Channel         Necr           35%        N/A       1%          6
i - Animate Dead          Necr           71%        N/A       1%          4
j - Sublimation of Blood  Necr           71%        N/A       0%          2
k - Wereblood             Tmut           39%        N/A       1%          2
l - Dispel Undead         Necr           71%        3d24      1%          4

Your spell library contained the following spells:

 Spells                   Type           Power      Damage    Failure   Level
 Kiss of Death            Conj/Necr      100%       2d13      1%          1
 Summon Small Mammal      Summ           100%       N/A       1%          1
 Call Canine Familiar     Summ           39%        N/A       1%          3
 Summon Guardian Golem    Hex/Summ       29%        N/A       4%          3
 Metabolic Englaciation   Hex/Ice        26%        N/A       5%          5
 Confusing Touch          Hex            20%        N/A       10%         3
 Gell's Gravitas          Tloc           20%        N/A       10%         3
 Teleport Other           Tloc           20%        N/A       10%         3
 Dispersal                Tloc           10%        N/A       99%         6
 Summon Hydra             Summ           19%        N/A       99%         7


Dungeon Overview and Level Annotations

Branches:
Dungeon (15/15)            Temple (0/1) D:5            Lair (5/5) D:9
  Swamp (0/4) Lair:3       Spider (0/4) Lair:2        Slime (0/5) Lair:4
    Orc (2/2) D:9             Elf (0/3) Orc:2        Vaults (0/5) D:13
 Depths (0/4) D:15          Sewer (visited)          Bailey (visited)
  IceCv (visited)         Volcano (visited)

Altars:
Dithmenos
Hepliaklqana
Nemelex Xobeh
Qazlal
Sif Muna
Xom

Shops:
D:4 ?[   D:5 [   D:9 :   D:10 [   Orc:2 [(=!

Annotations:
Lair:3 3 runed translucent doors, Fom Sije's ghost, journeyman MiGl; Jelor's ghost, journeyman DrIE
Lair:4 1 runed translucent door
Orc:2 2 transporters, Jano's ghost, adept KoBr


Innate Abilities, Weirdness & Mutations

You can breathe bolts of dispelling energy.
Your rich purple scales are hard. (AC +9)
You cannot fit into any form of body armour.
You are cold-blooded and may be slowed by cold attacks.


Message History

There is a stone staircase leading down here.
There is an open door here.
There is a stone staircase leading up here.
You climb upwards.
There is a stone staircase leading down here.
There is an open door here.
There is a staircase to the Lair here.
You climb downwards.
Welcome back to the Lair of Beasts!
There is a staircase back to the Dungeon here.
Items here: !!! "" ((( )))) ==== ???? [[[ |||||.
You drop a scroll of amnesia.
You drop a scroll of enchant armour.
You drop a +1 morningstar of pain.
You drop the +7 mace of Variability {chaos, chaos arc}.
You drop a potion of lignification.
You drop 2 scrolls of enchant weapon.
You drop a potion of mutation.
You drop the +7 trident of Armageddon {freeze, Int+2}.
You drop a ring of wizardry.
You drop 3 scrolls of vulnerability.
You start putting on your amulet.
You continue putting on your amulet of magic regeneration. x5
You finish putting on your amulet of magic regeneration.
e - an amulet of magic regeneration (around neck)
You start memorising the spell.
You continue memorising. x4
You finish memorising.
Spell assigned to 'l'.
Okay, then.
Okay, then.
Okay, then.
Okay, then.
You're wearing all the rings you can.
Remove which one? (? for menu, Esc to cancel) < or
Q - a ring of poison resistance; > or
I - a +5 ring of evasion You remove your ring of poison resistance.
X - a +5 ring of evasion (left hand) Welcome back, dondy the Purple Draconian Ice Elementalist.
Dithmenos says: Spread the eternal night.
Press ? for a list of commands and other information.
Unknown command.
Are you sure you want to abandon this character and quit the game? (Confirm with "yes".)

#...........##
##..........##
#...........##
#..[........#
#............##
##......#...#
#.............#
##.....#.#..
###.............##
#.....#####
.................#
##....#
#................#
#....#
##...............#
##...##
##..#...........@#
#....#
#..###..........##
##...## #.##
#..........##
#.#..# ###
#........#..##
###..##
#......####..##
#...# #P...###
##..## #...##
###.## ##..##
#^...## ### ##..##
#....P# ##..##
#.....#


There were no monsters in sight!

Vanquished Creatures
  An ironbound thunderhulk (D:13)
  Fannar (Orc:1)
  2 vault guards (D:13)
  2 hydras
  An ice dragon (IceCv)
  A quicksilver dragon skeleton (D:15)
  3 ogre magi (Orc:2)
  8 centaur warriors
  14 two-headed ogres
  A vampire mage (D:15)
  2 death yaks (Lair:4)
  2 boulder beetles
  A tengu warrior (D:14)
  A titan zombie (D:15)
  A salamander mystic (Volcano)
  2 skeletal warriors (D:15)
  2 bog bodies (Lair:3)
  3 cyclopes
  11 ugly things
  2 deep elf pyromancers
  4 manticores
  3 salamanders (Volcano)
  2 elephants (Lair:4)
  2 black mambas
  2 orange demons (D:14)
  2 molten gargoyles (Volcano)
  2 unseen horrors
  2 ice statues (IceCv)
  2 gargoyles
  A torpor snail (Lair:1)
  2 rime drakes (IceCv)
  An unseen horror (shapeshifter) (D:13)
  Jeremiah (D:6)
  Maggie (D:6)
  7 cane toads
  A kobold demonologist (D:13)
  A yaktaur (D:15)
  A tengu conjurer (D:14)
  4 komodo dragons
  8 trolls
  3 meliai (D:14)
  3 polar bears (Lair:5)
  Prince Ribbit (D:6)
  Grinder (D:5)
  19 blink frogs
  3 hornets
  7 dream sheep (Lair:5)
  3 vampires
  7 spriggans (Lair:5)
  Sigmund (D:6)
  2 wyverns
  15 slime creatures
  2 shadows
  A water elemental (D:11)
  55 yaks
  Eustachio (D:6)
  5 basilisks
  Grum (D:9)
  2 humans (D:13)
  5 vampire mosquitoes
  7 fire bats (Volcano)
  2 chaos spawn (D:13)
  A redback (Lair:2)
  Menkaure (D:6)
  2 wargs
  9 water moccasins
  Duvessa (D:5)
  Pargi (Sewer)
  4 black bears
  2 ice beasts
  14 orc warriors
  7 centaurs
  4 boggarts (Lair:5)
  19 ogres
  15 wolves
  A phantom (D:5)
  2 kobold brigands
  3 gnoll sergeants
  8 bullfrogs
  6 scorpions
  10 wights
  A lindwurm simulacrum (IceCv)
  Dowan (D:5)
  16 killer bees
  7 howler monkeys
  2 electric eels (Lair:3)
  5 lava snakes
  6 komodo dragon simulacra (IceCv)
  8 hounds
  8 orc priests
  2 jellies (D:6)
  3 iguanas
  10 orc wizards
  16 gnolls
  10 acid dragon simulacra (IceCv)
  10 adders
  A river rat (D:6)
  4 ufetubi
  4 steam dragon simulacra (IceCv)
  3 worms
  3 dart slugs (D:1)
  33 orcs
  3 bats
  6 endoplasms
  4 giant cockroaches
  13 goblins
  6 hobgoblins
  3 jackals (D:5)
  6 quokkas
  7 ball pythons
  10 frilled lizards
  24 kobolds
  11 rats
612 creatures vanquished.

Vanquished Creatures (collateral kills)
  A caustic shrike zombie (D:15)
  A balrug (Orc:1)
  A red draconian (Volcano)
  A vault guard (D:13)
  2 hydras
  2 ogre magi
  6 two-headed ogres
  5 death yaks
  3 skysharks (Lair:5)
  Lodul (D:14)
  A lindwurm (Lair:5)
  An orc knight (Orc:2)
  A necromancer (D:15)
  A salamander (Volcano)
  2 ugly things
  A cyclops (D:12)
  8 elephants
  A black mamba (Lair:1)
  3 cane toads
  A gargoyle (D:10)
  8 rime drakes
  A komodo dragon (Lair:5)
  A troll (Orc:2)
  2 hornets (Lair:5)
  2 polar bears (Lair:5)
  A dream sheep (Lair:5)
  7 blink frogs
  A spriggan zombie (D:15)
  A jumping spider (Lair:2)
  13 slime creatures
  5 spriggans (Lair:5)
  18 yaks
  2 basilisks
  A vampire mosquito (D:15)
  4 water moccasins
  3 orc warriors
  An ice beast (D:7)
  2 black bears (Lair:5)
  A boggart (Lair:5)
  18 ogres
  16 wolves
  A kobold brigand (D:8)
  2 wights (D:9)
  2 electric eels
  2 lava snakes (Volcano)
  Crazy Yiuf (D:7)
  2 gnolls (D:9)
  7 orcs
  A goblin (Bailey)
  4 kobolds
  An orc zombie (Orc:2)
174 creatures vanquished.

Vanquished Creatures (others)
  A wizard (D:14)
  A death yak zombie (Lair:5)
  A black mamba zombie (Lair:5)
  A slime creature zombie (D:13)
  5 two-headed ogre zombies
  3 elephant zombies (Lair:4)
  7 dream sheep zombies (Lair:5)
  A lindwurm zombie (Lair:5)
  4 blink frog zombies (Lair:5)
  2 water moccasin zombies
  3 yak zombies
  A spriggan zombie (Lair:5)
  3 centaur zombies (D:13)
  A black bear zombie (Lair:5)
  2 ogre zombies
  6 orc zombies (Orc:2)
42 creatures vanquished.

Grand Total: 828 creatures vanquished

Notes
Turn   | Place    | Note
-------+----------+-------------------------------------------
     0 | D:1      | dondy the Draconian Ice Elementalist began the quest for
                  | the Orb.
     0 | D:1      | Reached XP level 1. HP: 14/14 MP: 3/3
   309 | D:1      | Reached XP level 2. HP: 20/20 MP: 1/5
   824 | D:1      | Reached XP level 3. HP: 26/26 MP: 4/6
   828 | D:1      | Learned a level 3 spell: Frozen Ramparts
  1208 | D:2      | You fall into a shaft and drop 1 floor!
  1418 | D:2      | Learned a level 3 spell: Ozocubu's Armour
  1804 | D:3      | Found a shadowy altar of Dithmenos.
  1811 | D:3      | Became a worshipper of Dithmenos the Shadowed
  1878 | D:3      | Reached skill level 5 in Ice Magic
  1891 | D:3      | Reached XP level 4. HP: 33/33 MP: 0/8
  1970 | D:3      | Identified the +9 short sword "Amie" {protect, Fragile rF++
                  | rC+++ SInv}
  2485 | D:4      | Found Aseth's Magic Scroll Shop.
  2493 | D:4      | Reached skill level 3 in Spellcasting
  2552 | D:4      | Found Fef Zeabb's Antique Armour Boutique.
  2640 | D:4      | Reached XP level 5. HP: 38/38 MP: 7/9
  2719 | D:4      | Bought a scroll of noise for 13 gold pieces
  2719 | D:4      | Bought a scroll of identify for 26 gold pieces
  2719 | D:4      | Bought a scroll of fog for 52 gold pieces
  3157 | D:5      | Entered Level 5 of the Dungeon
  3341 | D:5      | Noticed an ogre
  3350 | D:5      | Killed an ogre
  3350 | D:5      | Reached * piety under Dithmenos
  3351 | D:5      | Reached XP level 6. HP: 45/45 MP: 2/11
  3456 | D:5      | Found Xuvox's Armour Shop.
  3456 | D:5      | Noticed Duvessa
  3457 | D:5      | Noticed Dowan
  3476 | D:5      | Killed Duvessa
  3477 | D:5      | Reached skill level 4 in Spellcasting
  3479 | D:5      | Killed Dowan
  3566 | D:5      | Noticed Grinder
  3634 | D:5      | Found a staircase to the Ecumenical Temple.
  3648 | D:5      | Your scales start taking on a rich purple colour.
  3648 | D:5      | Reached XP level 7. HP: 50/50 MP: 8/14
  4249 | D:5      | Reached skill level 1 in Fighting
  4254 | D:5      | Learned a level 4 spell: Summon Ice Beast
  4258 | D:5      | Learned a level 3 spell: Hailstorm
  4426 | D:6      | Noticed Jeremiah
  4602 | D:6      | Noticed Eustachio
  4606 | D:6      | Noticed Sigmund
  4622 | D:6      | Reached skill level 1 in Summonings
  4633 | D:6      | Killed Eustachio
  4634 | D:6      | Killed Sigmund
  4635 | D:6      | Reached XP level 8. HP: 39/66 MP: 1/15
  4674 | D:6      | Noticed Maggie
  4684 | D:6      | Killed Maggie
  4685 | D:6      | Reached skill level 6 in Spellcasting
  4841 | D:6      | Found a glowing drain.
  4846 | Sewer    | Entered a sewer
  4854 | Sewer    | Reached ** piety under Dithmenos
  4929 | Sewer    | Noticed Pargi
  4937 | Sewer    | Killed Pargi
  4938 | Sewer    | Reached skill level 7 in Spellcasting
  5127 | D:6      | Noticed Prince Ribbit
  5138 | D:6      | Killed Prince Ribbit
  5139 | D:6      | Reached skill level 8 in Spellcasting
  5196 | D:6      | Reached skill level 1 in Conjurations
  5245 | D:6      | Noticed Menkaure
  5287 | D:6      | Killed Menkaure
  5291 | D:6      | Reached XP level 9. HP: 30/71 MP: 5/21
  5586 | D:6      | Killed Jeremiah
  5587 | D:6      | Reached skill level 9 in Spellcasting
  5759 | D:6      | Found a shimmering blue altar of Sif Muna.
  6064 | D:7      | Found a flagged portal.
  6140 | Bailey   | Entered a bailey
  6152 | Bailey   | Noticed an orc warlord
  6242 | Bailey   | Reached skill level 10 in Spellcasting
  6509 | Bailey   | Found a runed translucent gate.
  6512 | Bailey   | Found a runed translucent gate.
  6513 | Bailey   | Found a runed translucent gate.
  6656 | Bailey   | Reached skill level 12 in Spellcasting
  6656 | Bailey   | Reached skill level 5 in Necromancy
  6656 | Bailey   | Reached skill level 5 in Earth Magic
  6656 | Bailey   | Reached XP level 10. HP: 78/78 MP: 23/26
  6663 | Bailey   | Learned a level 5 spell: Borgnjor's Vile Clutch
  6670 | Bailey   | Learned a level 6 spell: Simulacrum
  6677 | Bailey   | Learned a level 6 spell: Death Channel
  8359 | D:7      | Found a runed translucent door.
  8360 | D:7      | Noticed Crazy Yiuf
  8367 | D:7      | Killed Crazy Yiuf
  8373 | D:7      | Identified the +6 hammer of Ascent {drain, Str+4}
  8548 | D:8      | Reached skill level 10 in Ice Magic
  8555 | D:7      | Reached *** piety under Dithmenos
  8713 | D:8      | Reached XP level 11. HP: 65/84 MP: 19/27
  9543 | D:8      | Reached skill level 13 in Spellcasting
 10311 | D:9      | Found a staircase to the Lair.
 10485 | D:9      | Found a sparkling altar of Nemelex Xobeh.
 10526 | D:9      | Reached **** piety under Dithmenos
 10593 | D:9      | Learned a level 4 spell: Animate Dead
 10611 | D:9      | Found a staircase to the Orcish Mines.
 10939 | D:9      | Noticed a two-headed ogre
 10947 | D:9      | Killed a two-headed ogre
 11047 | D:9      | Learned a level 2 spell: Sublimation of Blood
 11073 | D:9      | Noticed Grum
 11079 | D:9      | Killed Grum
 11133 | D:9      | Found Jaarreg's Self-Improvement Boutique.
 11169 | D:9      | Noticed a two-headed ogre
 11179 | D:9      | Killed a two-headed ogre
 11180 | D:9      | Reached skill level 14 in Spellcasting
 11350 | D:10     | Entered Level 10 of the Dungeon
 11607 | D:10     | Found a stormy altar of Qazlal.
 11635 | D:10     | Found Uptayxo's Antique Armour Boutique.
 11786 | D:10     | Reached XP level 12. HP: 91/91 MP: 18/30
 11791 | D:10     | Learned a level 2 spell: Wereblood
 12305 | D:10     | Found a faded altar of an unknown god.
 12426 | D:10     | Found a hazy altar of Hepliaklqana.
 12441 | D:10     | Identified 2 scrolls of acquirement
 12581 | D:10     | Reached skill level 10 in Necromancy
 12581 | D:10     | Reached XP level 13. HP: 90/90 MP: 31/31
 12582 | D:10     | Acquired the +0 kite shield of the Known World {Fly rC+
                  | Slay+3 Stlth+}
 12584 | D:10     | Acquired the staff "Dootal" {rC+ Conj}
 12617 | D:11     | Found a frozen archway.
 12645 | IceCv    | Entered an ice cave
 13247 | IceCv    | Reached ***** piety under Dithmenos
 13729 | IceCv    | Identified the ring "Koyfisuf" {Fly MP+9 Stlth+}
 14075 | D:11     | Found a transporter.
 14932 | D:11     | Found a transporter.
 14954 | D:11     | Found a transporter.
 14962 | D:11     | Found a transporter.
 15305 | Lair:1   | Entered Level 1 of the Lair of Beasts
 15587 | D:5      | Killed Grinder
 17289 | Lair:2   | Reached skill level 1 in Shields
 17430 | Lair:2   | Found a dark tunnel.
 17442 | Volcano  | Entered a volcano
 17599 | Volcano  | Reached skill level 5 in Fighting
 17660 | Volcano  | Found a burning altar of Makhleb.
 17884 | Volcano  | Noticed a red draconian
 18025 | Volcano  | Killed a red draconian
 18240 | Lair:2   | Reached XP level 14. HP: 100/110 MP: 17/32
 18470 | Lair:2   | Reached skill level 15 in Spellcasting
 18618 | Lair:2   | Reached ****** piety under Dithmenos
 18893 | Lair:2   | Found a hole to the Spider Nest.
 19198 | Lair:3   | Reached skill level 1 in Short Blades
 19751 | Lair:3   | Found a staircase to the Swamp.
 19979 | Lair:3   | Found a runed translucent gate.
 19979 | Lair:3   | Found a runed translucent gate.
 19980 | Lair:3   | Found a runed translucent gate.
 19981 | Lair:3   | Noticed Jelor's ghost (journeyman DrIE)
 19981 | Lair:3   | Noticed Jelor's ghost (journeyman DrIE)
 19981 | Lair:3   | Noticed Fom Sije's ghost (journeyman MiGl)
 19982 | Lair:3   | Noticed Fom Sije's ghost (journeyman MiGl)
 20001 | Lair:3   | Identified the +4 rapier of True Grit {vamp, *Corrode Str+7
                  | Int+4}
 20700 | Lair:4   | Found a runed translucent door.
 20700 | Lair:4   | Noticed an azure jelly
 20704 | Lair:4   | Noticed an azure jelly
 20935 | Lair:4   | Reached skill level 16 in Spellcasting
 21115 | Lair:4   | Reached skill level 5 in Short Blades
 21403 | Lair:4   | Found a staircase to the Slime Pits.
 21403 | Lair:4   | Noticed an azure jelly
 21494 | Lair:5   | Entered Level 5 of the Lair of Beasts
 22265 | Lair:5   | Reached XP level 15. HP: 109/115 MP: 29/35
 22696 | Lair:5   | Reached skill level 17 in Spellcasting
 22761 | Lair:5   | Paralysed by a hornet for 1 turns
 23484 | Lair:1   | Upgraded the game from 0.31-a0-816-gd61d57ddb1 to
                  | 0.31-a0-818-ge7c7cf74f0
 23525 | Orc:1    | Entered Level 1 of the Orcish Mines
 23626 | Orc:1    | Noticed Fannar
 23672 | Orc:1    | Killed Fannar
 23961 | Orc:1    | Found a runed translucent door.
 24158 | Orc:1    | Reached skill level 1 in Transmutations
 24272 | Orc:2    | Entered Level 2 of the Orcish Mines
 24291 | Orc:2    | Found a staircase to the Elven Halls.
 24731 | Orc:2    | Reached skill level 10 in Short Blades
 25340 | Orc:2    | Reached skill level 18 in Spellcasting
 25421 | Orc:2    | Found Oppu's Distillery.
 25421 | Orc:2    | Found Meacra's Jewellery Shop.
 25423 | Orc:2    | Found Emem's Antique Weapon Shop.
 25423 | Orc:2    | Found Agefueh's Antique Armour Emporium.
 25555 | Orc:2    | Bought a potion of mutation for 128 gold pieces
 25555 | Orc:2    | Bought a potion of attraction for 48 gold pieces
 25555 | Orc:2    | Bought a potion of heal wounds for 80 gold pieces
 25707 | Orc:2    | Found a transporter.
 25814 | Orc:2    | Found a transporter.
 25841 | Orc:2    | Noticed Jano's ghost (adept KoBr)
 26964 | D:12     | Reached skill level 5 in Dodging
 27451 | D:13     | Found the +7 mace of Variability {chaos, chaos arc}
 27678 | D:13     | Found a shimmering altar of Xom.
 29153 | D:13     | Reached XP level 16. HP: 72/122 MP: 15/38
 29416 | D:13     | Found a gate to the Vaults.
 29724 | D:13     | Found a shimmering altar of Xom.
 30145 | D:14     | Reached skill level 5 in Shields
 30392 | D:14     | Identified the +7 trident of Armageddon {freeze, Int+2}
 30497 | D:14     | Noticed Lodul
 30610 | D:14     | Killed Lodul
 31728 | D:15     | Entered Level 15 of the Dungeon
 31737 | D:15     | Identified the ring of Lotuheb {rN+ Will+ Str-3 Int+2
                  | Stlth+}
 31752 | D:15     | Found a transporter.
 32385 | D:15     | Found a staircase to the Depths.
 33429 | D:15     | Found a transporter.
 33900 | Lair:1   | Learned a level 4 spell: Dispel Undead
 33902 | Lair:1   | Quit the game

Illustrated notes

Levels and vault maps discovered:
D:1:      matt_arrival_los_fun, layout_basic
D:2:      layout_basic, minmay_pentomino_v2
D:3:      layout_basic, nicolae_dithmenos_the_darkroom, minmay_puff
D:4:      layout_loops_cross, serial_shops, nicolae_stop_n_shop_1,
          nicolae_shop_pleasant_corner_grove, nicolae_kite_square_tiling_tiny
D:5:      layout_gridville, minmay_temple_entry_stoned_glass, serial_shops,
          shop, uniq_grinder, uniq_duvessa
D:6:      layout_cave_pools, lemuel_blue_sif_altar, lightli_sewer_entry_pipes,
          uniq_sigmund, uniq_maggie, uniq_prince_ribbit1, uniq_jeremiah,
          uniq_eustachio, uniq_menkaure
D:7:      layout_rooms, enter_bailey_4, minmay_crystal_room,
          uniq_crazy_yiuf_cottage
D:8:      layout_basic
D:9:      layout_roguey, general_overflow_altar, grunt_lair_entry_orc_guard_hut,
          david_orc_2, nicolae_shop_self_help, uniq_grum
D:10:     layout_stronghold, marbit_many_paths,
          beargit_hepliaklqana_dungeon_heroes, serial_shops, shop
D:11:     nicolae_BIG_FREAKIN_CUBE, layout_rooms, portal_ice_cave_rime,
          kennysheep_doodads, chequers_big_river,
          nicolae_transporter_intersection
D:12:     layout_irregular_city, nicolae_straight_to_the_point
D:13:     minmay_general_purpose_star, layout_small_grid,
          hellmonk_vaults_keyhole, minmay_guarded_unrand_variability
D:14:     layout_basic, einodemon_barbed_minivault, uniq_lodul
D:15:     gammafunk_depths_entry_grave, layout_rooms, nicolae_diode_stairs
Lair:1:   layout_cave_pods, beast_lair_carwin_2
Lair:2:   layout_regular_city, spider_nest_entry_funnel_web, enter_volcano_1
Lair:3:   layout_cave_pods, skrybe_swamp_entry_bodies, gammafunk_ghost_cemetery,
          nicolae_lair_liquid_snakes, serial_bayou_shore_b
Lair:4:   layout_gridlike, slime_entry_2
Lair:5:   minmay_lair_end_enchanted_forest, layout_regular_city,
          serial_bayou_shore_b, serial_bayou_shore_b
Orc:1:    dreamdust_dug_too_deep, layout_caves, uniq_fannar
Orc:2:    st_orc_ogre_mass, layout_caves, gammafunk_ghost_stat_death

Skill      XL: |  1  2  3  4  5  6  7  8  9 10 11 12 13 14 15 16 |
---------------+-------------------------------------------------+-----
Stealth        | 2 |  2.0
Dodging        | 2 6 |  6.0
Ice Magic      | 5 6 7 8 9 10 12 14 | 14.0
Spellcasting   | 3 4 8 12 14 16 18 | 18.0
Fighting       | 4 6 7 |  7.9
Summonings     | 3 4 |  4.0
Conjurations   | 2 3 |  3.0
Necromancy     | 5 6 10 12 14 | 14.0
Earth Magic    | 5 |  5.0
Shields        | 2 4 6 |  6.0
Short Blades   | 8 10 | 10.0
Transmutations | 2 4 |  4.0

Action                     |  1- 3 |  4- 6 |  7- 9 | 10-12 | 13-15 | 16-18 || total
---------------------------+-------+-------+-------+-------+-------+-------++-------
  Melee: Unarmed           |     4 |     4 |     1 |       |       |       ||     9
         Short sword       |       |       |    41 |   100 |   313 |   124 ||   578
         Tailslap          |       |       |     8 |    20 |    59 |    46 ||   133
         Punch             |       |       |       |     1 |     1 |       ||     2
   Cast: Freeze            |    60 |    58 |    82 |    96 |   403 |   106 ||   805
         Frozen Ramparts   |     1 |     9 |    21 |    34 |    82 |    29 ||   176
         Ozocubu's Armour  |       |     2 |     6 |    21 |    31 |    13 ||    73
         Summon Ice Beast  |       |       |    10 |    38 |    65 |    34 ||   147
         Hailstorm         |       |       |     3 |     4 |    17 |     3 ||    27
         Borgnjor's Vile C |       |       |       |    25 |    78 |    26 ||   129
         Death Channel     |       |       |       |       |    18 |     1 ||    19
         Simulacrum        |       |       |       |       |    16 |     2 ||    18
         Animate Dead      |       |       |       |       |    10 |       ||    10
Ability: Breathe Dispellin |       |       |     7 |     3 |     4 |       ||    14
  Evoke: Wand              |       |       |       |       |       |     1 ||     1
    Use: Potion            |       |     1 |     1 |     5 |     1 |       ||     8
         Scroll            |       |       |     6 |     6 |    13 |     4 ||    29
   Stab: Distracted        |       |       |       |     2 |     4 |     1 ||     7
         Sleeping          |       |       |       |       |     1 |       ||     1
 Armour: Skin              |    18 |    44 |    88 |   177 |   621 |   140 ||  1088
  Dodge: Dodged            |    22 |    45 |   103 |   158 |   458 |   134 ||   920
  Block: Buckler           |       |       |       |       |   152 |    53 ||   205

Table legend: (Time is in decaauts)
 A = Elapsed time spent in this place.
 B = Non-inter-level travel time spent in this place.
 C = Inter-level travel time spent in this place.
 D = Time resting spent in this place.
 E = Time spent auto-exploring this place.
 F = Levels seen in this place.
 G = Mean time per level.
                   A        B        C        D        E       F      G
               +--------+--------+--------+--------+--------+-----+--------+
         Total |  33900 |  32396 |   1504 |   7594 |  17162 |  26 | 1303.8 |
       Dungeon |  20354 |  19299 |   1055 |   4719 |  10660 |  15 | 1356.9 |
          Lair |   7099 |   6825 |    274 |    726 |   4593 |   5 | 1419.8 |
  Orcish Mines |   2735 |   2560 |    175 |    840 |   1114 |   2 | 1367.5 |
         Sewer |    269 |    269 |      0 |      0 |    162 |   1 |  269.0 |
        Bailey |   1442 |   1442 |      0 |    420 |    221 |   1 | 1442.0 |
      Ice Cave |   1248 |   1248 |      0 |    591 |    226 |   1 | 1248.0 |
       Volcano |    750 |    750 |      0 |    298 |    184 |   1 |  750.0 |
               +--------+--------+--------+--------+--------+-----+--------+

Top non-repeatable levels by time:
    D:13: 2546 daAuts
    D:15: 1895 daAuts
   Orc:2: 1741 daAuts
    D:14: 1707 daAuts
  Lair:5: 1640 daAuts
  Lair:1: 1630 daAuts
     D:5: 1568 daAuts
     D:8: 1505 daAuts
    D:11: 1465 daAuts
  Bailey: 1442 daAuts
     D:9: 1375 daAuts
     D:6: 1337 daAuts
  Lair:3: 1326 daAuts
    D:10: 1309 daAuts
  Lair:4: 1299 daAuts
